[Event "Titled Tuesday Blitz October 18 Late 2022"]
[White "Abdyzhapar, Asylbek"]
[Black "Przybylski, Wojciech"]
[WhiteFideId "13800337"]
[BlackFideId "1117599"]
[WhiteElo "2606"]
[BlackElo "2487"]
[Result "1-0"]
[Round "08"]
[TimeControl "180+1"]
[Date "2022.10.19"]
[WhiteClock "0:01:29"]
[BlackClock "0:00:02"]

1. e4 e5 2. Nf3 Nf6 3. Nc3 Bb4 4. Nxe5 O-O 5. Be2 d5 6. exd5 Re8 7. Nd3 Bd6 8. O-O Bf5 9. h3 Nbd7 10. Ne1 Qe7 11. Nf3 Bb4 12. Bc4 Nb6 13. Bb3 Qd7 14. d3 Nbxd5 15. Nxd5 Nxd5 16. c3 Ba5 17. d4 c6 18. Ne5 Qd8 19. Qf3 Be6 20. Bd2 f6 21. Ng4 Bc7 22. Rae1 Qd7 23. Re2 Bf7 24. Rfe1 h5 25. Rxe8+ Rxe8 26. Rxe8+ Qxe8 27. Ne3 Nf4 28. Nf5 Bxb3 29. axb3 Qe6 30. Bxf4 Qxf5 31. Bxc7 Qb1+ 32. Kh2 Qxb2 33. b4 h4 34. Qe3 Kf7 35. Bb8 a6 36. Bd6 Qc2 37. Bc5 Qf5 38. c4 Qc2 39. Qe7+ Kg6 40. Qe8+ Kh6 41. d5 Qxc4 42. Qe3+ Kh7 43. d6 Qd5 44. Qd4 Qg8 45. d7 Qd8 46. Bb6 Qb8+ 47. f4 Qxf4+ 48. Qxf4 1-0


[Site "https://www.chess.com"]

[Event "Titled Tuesday Blitz October 18 Late 2022"]
[White "Al-Tarboush, Ward"]
[Black "Riehle, Marco"]
[WhiteFideId "7601450"]
[BlackFideId "12904392"]
[WhiteElo "2269"]
[BlackElo "2462"]
[Result "0-1"]
[Round "08"]
[TimeControl "180+1"]
[Date "2022.10.18"]
[WhiteClock "0:00:02"]
[BlackClock "0:00:26"]

1. e4 e5 2. Nf3 Nf6 3. Nxe5 Nxe4 4. Qe2 Qe7 5. Qxe4 d6 6. f4 f5 7. Qa4+ Bd7 8. Qb3 dxe5 9. Qxb7 exf4+ 10. Be2 Qe4 11. Qxe4+ fxe4 12. Nc3 Bc6 13. Bb5 Bxb5 14. Nxb5 Kd7 15. Nc3 Bb4 16. Nd5 Bd6 17. O-O g5 18. Nf6+ Kc6 19. Nxe4 h6 20. d3 Na6 21. Bd2 Be5 22. Bc3 Bxc3 23. bxc3 Rab8 24. Rab1 Rb6 25. c4 Nc5 26. Nxc5 Kxc5 27. Rb3 Kd4 28. Re1 Rxb3 29. axb3 Kc3 30. Re2 Rf8 31. Kf2 g4 32. Re7 c5 33. Rxa7 Kxc2 34. Rc7 Rf5 35. Rd7 Kxb3 36. Rd5 Rf8 37. Rxc5 Kc3 38. Rd5 Ra8 39. Rf5 Ra2+ 40. Kg1 Ra1+ 41. Kf2 Ra2+ 42. Ke1 Kxd3 43. Kf1 Rc2 44. c5 Ke4 45. Rh5 Ke3 46. Re5+ Kd4 47. Rh5 Rxc5 48. Rxh6 Rc1+ 49. Kf2 Rc2+ 50. Kg1 Ke5 51. Rh8 g3 52. Re8+ Kf5 53. Rf8+ Ke5 54. Re8+ Kd4 55. Re1 Rd2 56. h4 Ra2 57. h5 Ra6 58. Rb1 Ke4 59. Kf1 Kf5 60. Rb5+ Kg4 61. Ke2 Ra2+ 62. Kf1 Ra1+ 63. Ke2 Rg1 64. h6 Rxg2+ 65. Kf1 Rh2 66. Rb6 f3 67. Rg6+ Kf4 68. Rf6+ Ke4 69. Re6+ Kd5 0-1


[Site "https://www.chess.com"]

[Event "Titled Tuesday Blitz October 18 Late 2022"]
[White "Aldokhin, Ivan"]
[Black "Besedes, Danilo"]
[WhiteFideId "24115720"]
[BlackFideId "946796"]
[WhiteElo "2313"]
[BlackElo "2352"]
[Result "1-0"]
[Round "08"]
[TimeControl "180+1"]
[Date "2022.10.19"]
[WhiteClock "0:00:04"]
[BlackClock "0:00:24"]

1. e4 e6 2. d4 d5 3. Nc3 dxe4 4. Nxe4 Nd7 5. Nf3 Ngf6 6. Nxf6+ Nxf6 7. g3 Bd7 8. Bg2 Bc6 9. O-O Be7 10. Qe2 O-O 11. Rd1 h6 12. c4 Be4 13. Bf4 c6 14. Be5 Re8 15. Bxf6 Bxf3 16. Qxf3 Bxf6 17. d5 exd5 18. cxd5 cxd5 19. Rxd5 Qb6 20. Rb1 Re7 21. h4 Rae8 22. a4 a6 23. b3 Qc7 24. Rbd1 b6 25. Kh2 a5 26. Rd6 Re6 27. Rd7 Qc3 28. R1d3 Qc5 29. R3d5 Qc3 30. Qxc3 Bxc3 31. Rf5 Rf6 32. Rxf6 Bxf6 33. Bd5 Re7 34. Rd8+ Kh7 35. Rb8 Bd4 36. f3 g6 37. h5 gxh5 38. Kh3 Kg7 39. Rd8 Bf2 40. Be4 Re5 41. Rd2 Bc5 42. Rd7 Rg5 43. f4 Rg4 44. Bf5 Kf6 45. Bxg4 hxg4+ 46. Kxg4 Kg6 47. Kf3 Kf6 48. Rd5 Kg6 49. g4 Kf6 50. Ke4 Bf2 51. Rf5+ Kg6 52. Rh5 Bg1 53. Rd5 Bf2 54. Rd3 Bg1 55. Rf3 Bc5 56. Rf1 Kf6 57. Rh1 Kg6 58. Rh3 Bg1 59. Rd3 Bf2 60. Rd7 Bg1 61. Rb7 Bf2 62. Ke5 Bg1 63. Rb8 Bf2 64. Rg8+ Kh7 65. Re8 Kg6 66. f5+ Kg7 67. f6+ Kh7 68. Rf8 Kg6 69. Rg8+ Kh7 70. Rg7+ 1-0


[Site "https://www.chess.com"]

[Event "Titled Tuesday Blitz October 18 Late 2022"]
[White "Antonio, Jorge Carlos"]
[Black "Souza Santos, Carlos Roberto"]
[WhiteFideId "113190"]
[BlackFideId "2150603"]
[WhiteElo "2247"]
[BlackElo "2064"]
[Result "1-0"]
[Round "08"]
[TimeControl "180+1"]
[Date "2022.10.19"]
[WhiteClock "0:00:17"]
[BlackClock "0:00:18"]

1. d4 Nf6 2. Nf3 d6 3. c4 g6 4. Nc3 Bg7 5. e4 O-O 6. Be2 Nbd7 7. O-O e5 8. Be3 Qe7 9. Qc2 c5 10. dxe5 dxe5 11. Nd5 Nxd5 12. cxd5 b6 13. a3 Bb7 14. Bb5 Rac8 15. Bxd7 Qxd7 16. Nd2 f5 17. f3 fxe4 18. fxe4 Ba6 19. Rxf8+ Rxf8 20. Nc4 Qf7 21. b3 h6 22. Qd2 Kh7 23. a4 Qf6 24. Qe2 Qh4 25. Bf2 Qg5 26. Bg3 h5 27. Rf1 h4 28. Rxf8 Bxf8 29. Be1 h3 30. Bd2 Qh4 31. g3 Qf6 32. Qf2 Qe7 33. Bc3 Bg7 34. d6 Qe6 35. Qd2 Bxc4 36. bxc4 Qd7 37. Qd5 Qxa4 38. Bxe5 Bxe5 39. Qxe5 Qd1+ 40. Kf2 Qd2+ 41. Kf3 Qd1+ 42. Kf4 Qd2+ 43. Kg4 Qxh2 44. Qe7+ Kh6 45. Qf8+ Kh7 46. Qf7+ Kh6 47. Qf4+ Kg7 48. Qe5+ Kh6 49. Qf4+ Kg7 50. Qe5+ Kh6 51. Qg5+ Kg7 52. d7 Qe2+ 53. Kxh3 Qf1+ 54. Kg4 Qe2+ 55. Kf4 Qf1+ 56. Ke5 Qd1 57. d8=Q Qxd8 58. Qxd8 Kh6 59. Qd7 Kg5 60. Qxa7 Kg4 61. Qxb6 Kg5 62. Qxc5 Kg4 63. Qc6 Kxg3 64. Qxg6+ Kf2 65. Qf5+ Ke2 66. c5 Kd2 67. c6 Kd3 68. c7 Kc3 69. c8=Q+ Kd3 70. Kf4 Ke2 71. e5 Kd2 72. e6 Ke2 73. Kg5 Ke1 74. Kf6 Kd1 75. e7 Kd2 76. e8=Q Kd1 77. Qfd7# 1-0


[Site "https://www.chess.com"]

[Event "Titled Tuesday Blitz October 18 Late 2022"]
[White "Ardila, Oscar Humberto"]
[Black "Aghasiyev, Kamal"]
[WhiteFideId "4404742"]
[BlackFideId "13402854"]
[WhiteElo "1898"]
[BlackElo "2341"]
[Result "0-1"]
[Round "08"]
[TimeControl "180+1"]
[Date "2022.10.19"]
[WhiteClock "0:00:31"]
[BlackClock "0:00:22"]

1. d4 d5 2. c4 e6 3. Nc3 Nf6 4. Bg5 Nbd7 5. e3 Be7 6. Nf3 h6 7. Bh4 O-O 8. Qc2 c5 9. cxd5 Nxd5 10. Bxe7 Nxe7 11. Be2 b6 12. O-O Bb7 13. Rfd1 Qc8 14. Qa4 Bc6 15. Qa3 Qb7 16. Nb5 Rad8 17. Qxa7 Qxa7 18. Nxa7 Bd5 19. Nb5 cxd4 20. Nfxd4 Nc5 21. Bf3 Na4 22. b3 Nc5 23. Rac1 Bxf3 24. Nxf3 Nd5 25. Nfd4 Ra8 26. Rd2 Rfd8 27. Rcd1 Rdc8 28. Kf1 g6 29. Ke2 Ne4 30. Rd3 Nec3+ 31. Nxc3 Nxc3+ 32. Rxc3 Rxc3 33. Rd2 Rc1 34. f4 Ra5 35. h3 h5 36. g4 Rh1 37. gxh5 Rh2+ 38. Kd3 Rxd2+ 39. Kxd2 Rxa2+ 40. Kc3 gxh5 41. Nf3 Kf8 42. Kd3 Ke7 43. e4 Rg2 44. Ne5 Rg3+ 45. Kc4 Rxh3 46. b4 Re3 47. Kd4 Re1 48. b5 Rb1 49. Kc4 h4 50. Nf3 h3 51. f5 exf5 52. exf5 Kf6 53. Kd5 Rxb5+ 54. Kc6 Rxf5 55. Nd4 Rf2 0-1


[Site "https://www.chess.com"]

[Event "Titled Tuesday Blitz October 18 Late 2022"]
[White "Arkell, Keith C"]
[Black "D`Arruda, Ricardo D."]
[WhiteFideId "400270"]
[BlackFideId "100692"]
[WhiteElo "2336"]
[BlackElo "2392"]
[Result "1-0"]
[Round "08"]
[TimeControl "180+1"]
[Date "2022.10.19"]
[WhiteClock "0:01:01"]
[BlackClock "0:00:06"]

1. d4 Nf6 2. Nf3 g6 3. g3 Bg7 4. c4 O-O 5. Nc3 d6 6. Bg2 Nbd7 7. d5 e5 8. dxe6 fxe6 9. O-O e5 10. Bg5 h6 11. Be3 Nb6 12. c5 Nc4 13. Bc1 e4 14. Nxe4 Nxe4 15. Qd5+ Kh7 16. Qxc4 Nxc5 17. Be3 Be6 18. Qb4 a5 19. Qa3 Qe7 20. Nd4 Bf7 21. Rac1 c6 22. Rfd1 Rfe8 23. h3 Ne4 24. Bf4 d5 25. Qxe7 Rxe7 26. Bxe4 Rxe4 27. Be3 Rae8 28. Rd2 Bxd4 29. Rxd4 Rxd4 30. Bxd4 Rxe2 31. a4 Be6 32. g4 h5 33. gxh5 gxh5 34. Kg2 Bf5 35. Kg3 Re4 36. Rd1 h4+ 37. Kg2 Re2 38. Kf3 Rc2 39. Kf4 Bg6 40. Kg5 Rc4 41. Bf6 Rxa4 42. f3 Bf7 43. Re1 Kg8 44. Kf5 Rb4 45. Re7 d4 46. Rd7 Rb5+ 47. Kf4 Be6 48. Rd8+ Kf7 49. Bxd4 Rf5+ 50. Ke3 Bd5 51. f4 Rh5 52. Ra8 Rh6 53. Rxa5 Re6+ 54. Kd3 Bg2 55. Rh5 Bxh3 56. Rxh4 Bf5+ 57. Kc3 Re2 58. Rh5 Ke6 59. Rh6+ Kd5 60. Rh5 Rc2+ 61. Kb3 Kxd4 62. Rxf5 Rf2 63. Rf7 b5 64. Rd7+ Kc5 65. Rf7 Rf3+ 66. Ka2 Kb4 67. f5 c5 68. f6 c4 69. Rf8 Rf2 70. Kb1 Kb3 71. Kc1 Rc2+ 72. Kd1 Rxb2 73. Ke1 Rb1+ 74. Ke2 Rb2+ 75. Ke3 Rb1 76. Rb8 Rf1 77. Rxb5+ Kc2 78. Rb6 c3 79. Rd6 Kc1 80. Ke2 c2 81. Kxf1 1-0


[Site "https://www.chess.com"]

[Event "Titled Tuesday Blitz October 18 Late 2022"]
[White "Arnold, Ken"]
[Black "Almedina Ortiz, Edgardo J."]
[WhiteFideId "2056836"]
[BlackFideId "3100197"]
[WhiteElo "2316"]
[BlackElo "2217"]
[Result "1-0"]
[Round "08"]
[TimeControl "180+1"]
[Date "2022.10.19"]
[WhiteClock "0:00:30"]
[BlackClock "0:00:01"]

1. d4 Nf6 2. c4 e6 3. Nf3 b6 4. g3 Bb7 5. Bg2 Be7 6. O-O O-O 7. Nc3 Ne4 8. Nxe4 Bxe4 9. b3 d6 10. Bb2 Nd7 11. Qd2 f5 12. Rac1 Bf6 13. Rfd1 Qe7 14. h4 Rae8 15. Ng5 Bxg2 16. Kxg2 Bxg5 17. hxg5 e5 18. dxe5 Nxe5 19. Qd5+ Qf7 20. e3 Ng4 21. Qxf7+ Rxf7 22. b4 g6 23. c5 dxc5 24. bxc5 h5 25. gxh6 Kh7 26. c6 a5 27. Rd7 Ree7 28. Rcd1 Nxh6 29. Bf6 Re6 30. R1d6 Rxd6 31. Rxd6 cxd6 32. Bd8 b5 33. c7 Rxc7 34. Bxc7 a4 35. Bxd6 Nf7 36. Bc5 Ne5 37. a3 Kg8 38. f4 Nd3 39. Bd4 b4 40. axb4 Nxb4 41. Kf3 1-0


[Site "https://www.chess.com"]

[Event "Titled Tuesday Blitz October 18 Late 2022"]
[White "Ballester Llagaria, Luis Eduardo"]
[Black "Goncalves, Davi Sulzbacher"]
[WhiteFideId "2297620"]
[BlackFideId "2154510"]
[WhiteElo "2344"]
[BlackElo "2182"]
[Result "1-0"]
[Round "08"]
[TimeControl "180+1"]
[Date "2022.10.19"]
[WhiteClock "0:00:31"]
[BlackClock "0:00:12"]

1. e4 c5 2. Nc3 d6 3. Nge2 Nf6 4. d4 cxd4 5. Nxd4 g6 6. Be3 Bg7 7. f3 O-O 8. Qd2 Nc6 9. O-O-O Bd7 10. g4 Ne5 11. h4 h5 12. gxh5 Nxh5 13. Rg1 Rc8 14. Be2 Nc4 15. Bxc4 Rxc4 16. f4 Qa5 17. f5 Rxc3 18. Qxc3 Qxc3 19. bxc3 gxf5 20. Nxf5 Bxf5 21. exf5 Kh7 22. Rg5 Nf6 23. Kb2 Rc8 24. Bd4 Bh6 25. Re1 Nd5 26. Rh5 b5 27. f6 Nxf6 28. Bxf6 exf6 29. Rxb5 Bd2 30. Re7 Bxc3+ 31. Kb3 a6 32. Rbb7 Be5 33. Rxf7+ Kg6 34. Rfc7 Rh8 35. Rb4 d5 36. Rc6 a5 37. Rb5 Rxh4 38. Rxd5 a4+ 39. Ka3 Bc3 40. Rxc3 1-0


[Site "https://www.chess.com"]

[Event "Titled Tuesday Blitz October 18 Late 2022"]
[White "Banzea, Alexandru-Bogdan"]
[Black "Tarnowska, Aleksandra"]
[WhiteFideId "1232622"]
[BlackFideId "1180967"]
[WhiteElo "2294"]
[BlackElo "1776"]
[Result "1-0"]
[Round "08"]
[TimeControl "180+1"]
[Date "2022.10.19"]
[WhiteClock "0:02:25"]
[BlackClock "0:00:03"]

1. d4 d5 2. Nf3 Nf6 3. Bf4 e6 4. e3 c5 5. Nbd2 Qb6 6. Rb1 c4 7. c3 Bd6 8. Bxd6 Qxd6 9. Qc2 O-O 10. e4 dxe4 11. Nxe4 Nxe4 12. Qxe4 Qd5 13. Nd2 b5 14. Be2 Bb7 15. Bf3 Qxe4+ 16. Nxe4 Kh8 17. Nd6 Bxf3 18. gxf3 a6 19. b3 cxb3 20. axb3 Nc6 21. Ne4 Ne7 22. Kd2 Rfd8 23. Nc5 Ng6 24. Ra1 a5 25. Ra2 Nh4 26. Ke2 b4 27. cxb4 axb4 28. Rxa8 Rxa8 29. Kd3 Nxf3 30. Kc4 Rd8 31. Rd1 Rb8 32. Na6 Rc8+ 33. Kxb4 Rd8 34. Kc4 Nxh2 35. b4 Ng4 36. b5 Nxf2 37. Re1 Rc8+ 38. Nc5 h5 39. b6 h4 40. b7 Rb8 41. Ra1 h3 42. Ra8 Kh7 43. Rxb8 h2 44. Rh8+ Kxh8 45. b8=Q+ Kh7 46. Qxh2+ Kg6 47. Qxf2 f6 48. Qg1+ 1-0


[Site "https://www.chess.com"]

[Event "Titled Tuesday Blitz October 18 Late 2022"]
[White "Barria Zuniga, Daniel"]
[Black "Fajdetic, Hrvoje"]
[WhiteFideId "3400816"]
[BlackFideId "14501945"]
[WhiteElo "2414"]
[BlackElo "2172"]
[Result "1/2-1/2"]
[Round "08"]
[TimeControl "180+1"]
[Date "2022.10.18"]
[WhiteClock "0:00:03"]
[BlackClock "0:00:06"]

1. d4 e6 2. c4 f5 3. g3 Nf6 4. Bg2 Be7 5. Nh3 O-O 6. O-O d6 7. Nc3 e5 8. e3 c6 9. b4 Qe8 10. a4 h6 11. b5 a6 12. Ba3 axb5 13. axb5 g5 14. f4 exd4 15. Qxd4 Ng4 16. Bb2 Rxa1 17. Bxa1 Bf6 18. Qxd6 Qxe3+ 19. Kh1 Bxc3 20. Bxc3 Qxc3 21. Qxb8 Ne3 22. Rg1 Nxg2 23. Rxg2 g4 24. Ng1 Be6 25. Qxb7 cxb5 26. Qxb5 Bxc4 27. Qc6 Qd3 28. Qg6+ Kh8 29. Qxh6+ Kg8 30. Qg6+ Kh8 31. Qh6+ Kg8 32. Qg6+ Kh8 33. h3 Bd5 34. Qh6+ Kg8 35. Qg6+ Kh8 36. Qh6+ Kg8 37. Qg6+ Kh8 1/2-1/2


[Site "https://www.chess.com"]

[Event "Titled Tuesday Blitz October 18 Late 2022"]
[White "Baskakov, Egor"]
[Black "Rosen, Eric"]
[WhiteFideId "24197866"]
[BlackFideId "2032562"]
[WhiteElo "2211"]
[BlackElo "2362"]
[Result "1-0"]
[Round "08"]
[TimeControl "180+1"]
[Date "2022.10.18"]
[WhiteClock "0:01:12"]
[BlackClock "0:00:01"]

1. e4 c5 2. Nf3 d6 3. d4 Nf6 4. Nc3 cxd4 5. Nxd4 g6 6. g3 Bg7 7. Bg2 O-O 8. h3 Nc6 9. Nde2 Rb8 10. a4 b6 11. O-O Bb7 12. Nd5 Re8 13. Re1 Nd7 14. c3 e6 15. Ndf4 Qe7 16. Be3 Nde5 17. b3 Rbd8 18. c4 Nb4 19. Rb1 Bc6 20. Qd2 d5 21. exd5 exd5 22. cxd5 Bb7 23. Rbd1 Qd6 24. Nc3 a5 25. Ne4 Qc7 26. d6 Qb8 27. Bxb6 Bxe4 28. Bc7 Qxc7 29. dxc7 Rxd2 30. Rxd2 Bxg2 31. Rxe5 Bxe5 32. Rd8 Rxd8 33. cxd8=Q+ Kg7 34. Kxg2 h5 35. Nd3 Bf6 36. Qxf6+ Kxf6 37. Nxb4 axb4 38. Kf3 Ke5 39. Ke3 Kd5 40. Kd3 g5 41. h4 f6 42. f4 Ke6 43. fxg5 fxg5 44. hxg5 Kf5 45. a5 Kxg5 46. Ke3 Kg4 47. Kf2 Kf5 48. a6 Ke4 49. a7 Kd3 50. a8=Q Kc3 51. Qg8 Kb2 52. Qc4 Ka3 53. Ke2 h4 54. Kd2 h3 55. Kc2 h2 56. Qa6# 1-0


[Site "https://www.chess.com"]

[Event "Titled Tuesday Blitz October 18 Late 2022"]
[White "Becerra, Juan David"]
[Black "Zierk, Steven"]
[WhiteFideId "4404998"]
[BlackFideId "2034255"]
[WhiteElo "2278"]
[BlackElo "2494"]
[Result "1-0"]
[Round "08"]
[TimeControl "180+1"]
[Date "2022.10.18"]
[WhiteClock "0:00:20"]
[BlackClock "0:00:01"]

1. d4 d5 2. c4 c6 3. cxd5 cxd5 4. Bf4 Nc6 5. e3 Nf6 6. Be2 Bf5 7. Nc3 e6 8. g4 Bg6 9. g5 Ne4 10. Nxe4 Bxe4 11. f3 Bg6 12. h4 Bd6 13. Nh3 O-O 14. Qb3 e5 15. dxe5 Bxe5 16. Rd1 d4 17. Bxe5 Qa5+ 18. Kf2 Qxe5 19. exd4 Nxd4 20. Qe3 Qxe3+ 21. Kxe3 Rfe8+ 22. Kxd4 Rxe2 23. Nf4 Rxb2 24. Nxg6 hxg6 25. Rb1 Rd8+ 26. Ke3 Rdd2 27. Rhd1 Re2+ 28. Kf4 Kf8 29. Rxb2 Rxb2 30. Rd7 a5 31. a4 Rb4+ 32. Kg3 Ke8 33. Rc7 Rxa4 34. Rxb7 Ra1 35. Kg2 Rd1 36. Rb5 a4 37. Ra5 Rd4 38. Kg3 Ke7 39. Ra7+ Ke6 40. Ra5 f6 41. Ra7 Kf5 42. Ra5+ Ke6 43. Ra7 fxg5 44. hxg5 Kf5 45. Ra5+ Ke6 46. Ra7 Rd5 47. Kg4 Rd4+ 48. f4 Rd1 49. Rxg7 Rg1+ 50. Kf3 a3 51. Rxg6+ Kf7 52. Ra6 Ra1 53. Kg4 a2 54. Kf5 Ke7 55. g6 Kf8 56. Kf6 1-0


[Site "https://www.chess.com"]

[Event "Titled Tuesday Blitz October 18 Late 2022"]
[White "Bilan, Danila"]
[Black "Zverev, Lev"]
[WhiteFideId "24161918"]
[BlackFideId "24250775"]
[WhiteElo "2203"]
[BlackElo "2207"]
[Result "0-1"]
[Round "08"]
[TimeControl "180+1"]
[Date "2022.10.18"]
[WhiteClock "0:00:03"]
[BlackClock "0:01:30"]

1. d4 h5 2. Nf3 h4 3. h3 d5 4. Bg5 c5 5. c3 Qb6 6. Qb3 Qg6 7. Bxh4 Nc6 8. e3 c4 9. Qd1 Bf5 10. Bg3 e6 11. Nh4 Rxh4 12. Bxh4 Bd6 13. Nd2 Nf6 14. Bxf6 Qxf6 15. e4 dxe4 16. Nxc4 Bc7 17. Ne3 O-O-O 18. Bb5 Ne7 19. Qa4 Qg5 20. O-O-O Bf4 21. g4 Bxe3+ 22. fxe3 Qxe3+ 23. Kb1 Bg6 24. Qxa7 Qf2 25. Rhe1 e3+ 26. Ka1 Nd5 27. Qa8+ Kc7 28. Qa5+ Kc8 29. c4 Nf4 30. Qc3 e2 31. Rc1 Nd3 32. Qa5 Qxd4 33. Qa8+ Kc7 34. Qa5+ Kb8 35. Rb1 Nxe1 36. Qxe1 Bxb1 37. Qg3+ Qd6 0-1


[Site "https://www.chess.com"]

[Event "Titled Tuesday Blitz October 18 Late 2022"]
[White "Bluebaum, Matthias"]
[Black "miragha_yev"]
[WhiteFideId "24651516"]
[WhiteElo "2633"]
[BlackElo "2773"]
[Result "1-0"]
[Round "08"]
[TimeControl "180+1"]
[Date "2022.10.18"]
[WhiteClock "0:01:43"]
[BlackClock "0:01:02"]

1. d4 Nf6 2. c4 e6 3. Nc3 Bb4 4. e3 O-O 5. Bd2 b6 6. Bd3 Bb7 7. Nf3 Bxc3 8. Bxc3 d6 9. Qc2 Nbd7 10. O-O Qe7 11. e4 e5 12. Rfe1 a5 13. b3 Rfe8 14. Rad1 Bc6 15. Bb2 Bb7 16. Nd2 Nh5 17. Bf1 Qg5 18. Nf3 Qf6 19. dxe5 Nxe5 20. Nxe5 dxe5 21. c5 Qe7 22. Ba3 Rad8 23. cxb6 Qxa3 24. Rxd8 Rxd8 25. Qxc7 Rf8 26. Qxb7 Nf4 27. Qc7 Ne6 28. Qxe5 Qb4 29. Rd1 Qxb6 30. Bc4 Rd8 31. Rxd8+ Qxd8 32. Qd5 Qxd5 33. Bxd5 Nd4 34. Kf1 Kf8 35. Ke1 Ke7 36. Kd2 f6 37. Kd3 Nb5 38. Kc4 Nc7 39. Kc5 Na6+ 40. Kb6 Nb4 41. Kxa5 Nxa2 42. b4 Nc3 43. b5 Kd6 44. b6 1-0


[Site "https://www.chess.com"]

[Event "Titled Tuesday Blitz October 18 Late 2022"]
[White "Bortnyk, Mykola"]
[Black "Guliyev, Namig"]
[WhiteFideId "14120836"]
[BlackFideId "13400363"]
[WhiteElo "2582"]
[BlackElo "2526"]
[Result "1-0"]
[Round "08"]
[TimeControl "180+1"]
[Date "2022.10.18"]
[WhiteClock "0:00:38"]
[BlackClock "0:00:35"]

1. e4 e5 2. Nf3 Nf6 3. Nxe5 Nxe4 4. Qe2 Qe7 5. Qxe4 d6 6. d4 dxe5 7. Qxe5 Be6 8. Bb5+ c6 9. Bd3 Nd7 10. Qe2 O-O-O 11. O-O g5 12. c4 Qf6 13. Nc3 Qxd4 14. Bxg5 Re8 15. Be3 Qe5 16. Rfe1 Bd6 17. g3 Bb8 18. Qf3 Qg7 19. Qh5 Ne5 20. Bf5 Nxc4 21. Rad1 Nxe3 22. Rxe3 Qf6 23. Rde1 Re7 24. Bxe6+ fxe6 25. Ne4 Qf5 26. Qh4 Rf7 27. R1e2 e5 28. Ng5 Rd7 29. Kg2 Qg6 30. Nf3 Qe6 31. b3 Rd5 32. Ng5 Qg6 33. Qh3+ Kd8 34. Ne6+ Ke7 35. Nf4 Qd6 36. Nxd5+ Qxd5+ 37. f3 h5 38. Qh4+ Kd7 39. Qf6 Re8 40. Qf5+ Kd8 41. Rd3 1-0


[Site "https://www.chess.com"]

[Event "Titled Tuesday Blitz October 18 Late 2022"]
[White "Bortnyk, Olexandr"]
[Black "Bilych, Olexiy"]
[WhiteFideId "14120828"]
[BlackFideId "14156504"]
[WhiteElo "2723"]
[BlackElo "2320"]
[Result "1-0"]
[Round "08"]
[TimeControl "180+1"]
[Date "2022.10.18"]
[WhiteClock "0:01:21"]
[BlackClock "0:00:08"]

1. e4 e5 2. Nf3 Nc6 3. Bb5 Nf6 4. Qe2 Bc5 5. c3 Qe7 6. d3 O-O 7. Bg5 d6 8. Nbd2 Nd8 9. d4 Bb6 10. Bc4 Ne6 11. Bxe6 Qxe6 12. d5 Qe7 13. O-O-O h6 14. Bh4 g5 15. Nxg5 hxg5 16. Bxg5 Kg7 17. Qf3 c5 18. Nf1 Bd8 19. h4 Qd7 20. Ne3 Nh7 21. Nf5+ Kh8 22. Qh5 f6 23. Bh6 Rg8 24. g4 Qa4 25. Nxd6 Rxg4 26. Rhg1 Qd7 27. Rxg4 Qxd6 28. Qe8+ 1-0


[Site "https://www.chess.com"]

[Event "Titled Tuesday Blitz October 18 Late 2022"]
[White "Brown, Andrew"]
[Black "Saravana, Krishnan P."]
[WhiteFideId "3206513"]
[BlackFideId "5018382"]
[WhiteElo "2245"]
[BlackElo "2155"]
[Result "0-1"]
[Round "08"]
[TimeControl "180+1"]
[Date "2022.10.19"]
[WhiteClock "0:00:07"]
[BlackClock "0:01:31"]

1. d4 Nf6 2. c4 g6 3. Nc3 Bg7 4. e4 d6 5. Nf3 O-O 6. Be2 e5 7. O-O Bg4 8. Be3 Bxf3 9. Bxf3 exd4 10. Bxd4 Nc6 11. Be3 Nd7 12. Qc2 Nd4 13. Bxd4 Bxd4 14. Rad1 Be5 15. Be2 Nc5 16. Nd5 c6 17. Ne3 Qh4 18. Ng4 h5 19. Nxe5 dxe5 20. g3 Qe7 21. b4 Ne6 22. Qc3 Nd4 23. Rfe1 Rfd8 24. Bf1 c5 25. a3 Rac8 26. f4 b6 27. b5 Rd6 28. f5 Rcd8 29. Kg2 Nxb5 30. Qf3 Nd4 31. Qf2 Qb7 32. Bd3 Nxf5 33. Kh3 Nd4 34. g4 Qd7 35. Rg1 Ne6 36. Kh4 Rxd3 37. Rxd3 Qe7+ 38. g5 Rxd3 0-1


[Site "https://www.chess.com"]

[Event "Titled Tuesday Blitz October 18 Late 2022"]
[White "Burke, Paul"]
[Black "Bongo Akanga Ndjila, Barthelemy"]
[WhiteFideId "2605767"]
[BlackFideId "10609431"]
[WhiteElo "1893"]
[BlackElo "1768"]
[Result "0-1"]
[Round "08"]
[TimeControl "180+1"]
[Date "2022.10.19"]
[WhiteClock "0:00:03"]
[BlackClock "0:01:06"]

1. e4 c6 2. d4 d5 3. exd5 cxd5 4. c4 Nf6 5. Nc3 e6 6. Nf3 a6 7. Be2 dxc4 8. Bxc4 b5 9. Bb3 Bb7 10. Bg5 Be7 11. O-O O-O 12. Bxf6 Bxf6 13. Ne5 Nc6 14. Nxc6 Bxc6 15. d5 Bxc3 16. dxc6 Bxb2 17. Qxd8 Rfxd8 18. Rab1 Bd4 19. Rfd1 e5 20. Kf1 Rac8 21. Rbc1 Rc7 22. Ke2 Rd6 23. a4 Rdxc6 24. Rxc6 Rxc6 25. axb5 axb5 26. f4 g6 27. fxe5 Bxe5 28. Rd8+ Kg7 29. Rd7 Rf6 30. g3 b4 31. Rb7 Bc3 32. Ke3 g5 33. Ke2 h5 34. Ke3 g4 35. Ke2 Kg6 36. Bc2+ Kh6 37. Bb3 Kg7 38. Ke3 Rf3+ 39. Ke2 Kg6 40. Bc2+ f5 41. Rb6+ Kg5 42. Rb5 h4 43. gxh4+ Kxh4 44. Rb6 Kg5 45. Rb5 Rf4 46. Rb6 Rd4 0-1


[Site "https://www.chess.com"]

[Event "Titled Tuesday Blitz October 18 Late 2022"]
[White "Can, Melih Kaan"]
[Black "Castellanos Gomez, Alejandro"]
[WhiteFideId "6317383"]
[BlackFideId "22284141"]
[WhiteElo "2029"]
[BlackElo "2168"]
[Result "0-1"]
[Round "08"]
[TimeControl "180+1"]
[Date "2022.10.19"]
[WhiteClock "0:01:10"]
[BlackClock "0:01:27"]

1. e4 e6 2. d4 d5 3. Nd2 c5 4. exd5 Qxd5 5. Ngf3 cxd4 6. Bc4 Qd8 7. O-O Nf6 8. Nb3 Nc6 9. Nbxd4 Nxd4 10. Nxd4 Bd6 11. c3 Bxh2+ 12. Kh1 Bb8 13. Bg5 Qc7 14. Bb5+ Bd7 15. g3 Bxb5 16. Nxb5 Qc6+ 17. Kg1 Qxb5 18. Bxf6 gxf6 19. Qg4 Be5 20. Qg7 f5 21. Qh6 O-O-O 22. b3 Qc6 23. Qe3 Bb8 24. c4 f4 25. Qc3 fxg3 26. f3 Qc5+ 27. Kg2 Qd4 0-1


[Site "https://www.chess.com"]

[Event "Titled Tuesday Blitz October 18 Late 2022"]
[White "Carbone, Diego"]
[Black "Janaszak, Dawid"]
[WhiteFideId "3002179"]
[BlackFideId "1119206"]
[WhiteElo "2243"]
[BlackElo "2226"]
[Result "1-0"]
[Round "08"]
[TimeControl "180+1"]
[Date "2022.10.19"]
[WhiteClock "0:00:31"]
[BlackClock "0:00:18"]

1. d4 Nf6 2. c4 e6 3. Nc3 Bb4 4. Qc2 c5 5. dxc5 Bxc5 6. Nf3 O-O 7. a3 b6 8. Bg5 Bb7 9. Rd1 Nc6 10. e3 Be7 11. Be2 Rc8 12. O-O h6 13. Bf4 d6 14. b4 Nh5 15. Bxd6 Bxd6 16. Nb5 Bxh2+ 17. Nxh2 Qg5 18. Bf3 Nd8 19. Rxd8 Bxf3 20. Rxf8+ Kxf8 21. Nxf3 Qxb5 22. Qh7 Qxc4 23. Nd4 Nf6 24. Qh8+ Ng8 25. b5 Qd5 26. a4 Rc5 27. Ra1 g6 28. a5 Qe5 29. Qxe5 Rxe5 30. axb6 axb6 31. Ra6 Nf6 32. Rxb6 Nd5 33. Rb8+ Ke7 34. Nc6+ Kd6 35. Nxe5 1-0


[Site "https://www.chess.com"]

[Event "Titled Tuesday Blitz October 18 Late 2022"]
[White "Cosoi Scherzer, Alejandro"]
[Black "O`Gorman, Tom"]
[WhiteFideId "3401430"]
[BlackFideId "2508249"]
[WhiteElo "1967"]
[BlackElo "2271"]
[Result "0-1"]
[Round "08"]
[TimeControl "180+1"]
[Date "2022.10.19"]
[WhiteClock "0:00:04"]
[BlackClock "0:01:25"]

1. e4 c6 2. d4 d5 3. e5 c5 4. dxc5 e6 5. a3 Bxc5 6. b4 Be7 7. Bb2 a5 8. b5 Nd7 9. Nf3 Nh6 10. Bd3 O-O 11. O-O f5 12. Nbd2 Nc5 13. Re1 Bd7 14. Bf1 Rc8 15. c4 Be8 16. cxd5 Qxd5 17. Bc4 Qd7 18. a4 Bf7 19. h3 Rfd8 20. Qe2 Bh5 21. Red1 Qe8 22. Nb3 Qg6 23. Kh1 Ne4 24. Bd3 b6 25. Rac1 Rxc1 26. Rxc1 Rxd3 0-1


[Site "https://www.chess.com"]